Map: Prion Terraces

Players

LindyHop - Winner!

  • Race: Zerg Zerg
  • League: Silver

A.I. 1 (Hard)

  • Race: Zerg Zerg

VOD

Have the link to the VOD?

Description

Time

  • Played on: Dec. 2, 2015, 12:28 a.m.
  • Length: 10:25
Show
View Real Time Build Order
Export as new Build Order

LindyHop Zerg - Winner!

Build Orders: Pool First 

Get SALT Encoding   

  12  0:01  Drone  
  13  0:08  Drone  
  14  0:26  Spawning Pool  
  13  0:31  Extractor  
  13  0:33  Drone  
  13  0:40  Overlord  
  13  0:45  Drone  
  14  1:02  Drone  
  15  1:13  Queen  
  15  1:15  Zergling x2  
  15  1:16  Zergling x2  
  15  1:17  Zergling x2  
  20  1:27  Zergling x2  
  21  1:38  Zergling x2  
  21  1:39  Metabolic Boost  
  22  1:49  Overlord  
  22  2:14  Drone x2  
  22  2:15  Baneling Nest  
  23  2:26  Hatchery  
  22  2:38  Drone  
  23  2:56  Zergling x6  
  26  3:00  Baneling x3  
  26  3:01  Baneling x2  
  26  3:08  Zergling x2  
  25  3:32  Drone x2  
  24  3:50  Drone x6, Roach Warren  
  29  4:02  Baneling x3  
  29  4:03  Spine Crawler, Baneling  
  28  4:14  Queen  
  30  4:20  Drone x2  
  30  4:22  Evolution Chamber  
  30  4:23  Drone  
  32  4:32  Spine Crawler  
  32  4:37  Drone x2  
  32  4:38  Drone  
  34  4:49  Zerg Ground Armor Level 1  
  34  4:53  Drone x2  
  36  5:07  Overlord x2  
  35  5:29  Lair  
  35  5:32  Extractor  
  35  5:33  Drone x7  
  41  5:36  Overlord  
  41  5:37  Overlord  
  41  5:55  Extractor  
  41  5:56  Drone x3  
  41  5:57  Drone  
  44  6:00  Extractor  
  44  6:18  Roach x2  
  44  6:19  Roach x6  
  58  6:31  Roach x2  
  58  6:32  Zergling x6  
  59  6:58  Roach x3  
  59  6:59  Drone  
  62  7:01  Roach  
  62  7:07  Drone x2  
  64  7:20  Glial Reconstitution  
  64  7:23  Hatchery  
  63  7:42  Zergling x8  
  67  7:50  Hatchery  
  66  7:52  Spire  
  56  8:27  Roach  
  56  8:28  Roach x5  
  56  8:31  Drone  
  67  8:43  Drone x6  
  73  8:48  Overlord  
  73  8:49  Overlord x4  
  73  8:54  Extractor  
  72  8:58  Extractor  
  71  9:03  Roach, Extractor x2  
  69  9:17  Mutalisk x7  
  69  9:18  Mutalisk  
  69  9:20  Drone x2  
  69  9:21  Drone  
  69  9:22  Drone  
  89  9:32  Drone  
  89  9:33  Drone x2  
  90  9:44  Mutalisk x3, Roach  
  95  9:49  Mutalisk  
  96  10:00  Mutalisk x2  
  96  10:04  Zergling x20  
  110  10:12  Drone  
Show
View Real Time Build Order
Export as new Build Order

A.I. 1 (Hard) Zerg 

Build Orders: Pool First 

Get SALT Encoding   

  12  0:00  Drone  
  13  0:12  Overlord  
  13  0:17  Drone  
  14  0:30  Drone  
  14  0:32  Drone  
  16  0:42  Spawning Pool  
  15  0:44  Drone  
  15  0:48  Drone  
  17  0:51  Extractor  
  17  0:55  Drone  
  17  1:06  Overlord  
  17  1:29  Queen  
  17  1:31  Zergling x2  
  20  1:36  Roach Warren  
  20  1:38  Drone  
  20  1:41  Extractor  
  20  1:44  Zergling x2  
  20  1:49  Drone  
  21  1:59  Drone  
  22  2:12  Drone  
  23  2:21  Overlord  
  23  2:32  Roach  
  25  2:39  Drone  
  26  2:45  Overlord, Roach  
  28  2:52  Drone  
  31  2:58  Roach  
  31  3:04  Baneling Nest  
  30  3:07  Drone  
  30  3:09  Drone  
  30  3:11  Drone, Ravager x2, Roach  
  37  3:20  Overlord  
  35  3:31  Zergling x2  
  36  3:41  Drone  
  37  3:44  Drone, Zergling x2  
  37  3:47  Drone  
  40  3:53  Evolution Chamber  
  39  3:56  Drone  
  39  3:57  Ravager  
  41  4:05  Roach  
  43  4:11  Overlord  
  43  4:18  Roach  
  47  4:31  Roach  
  47  4:44  Roach  
  49  5:15  Zergling x2  
  49  6:04  Lair, Overlord, Zerg Melee Weapons Level 1  
  49  6:06  Evolution Chamber  
  49  6:08  Spore Crawler  
  49  6:09  Drone  
  49  6:10  Spore Crawler, Drone  
  48  6:11  Hatchery  
  48  6:12  Drone  
  48  6:32  Zerg Missile Weapons Level 1  
  48  6:33  Spine Crawler  
  48  6:36  Spine Crawler  
  48  6:37  Drone  
  46  6:48  Drone  
  46  6:50  Drone  
  46  6:51  Drone  
  46  6:53  Drone  
  36  6:56  Drone  
  29  7:02  Burrow, Overseer, Drone  
  29  7:04  Overseer  
  29  7:05  Hydralisk Den  
  29  7:07  Ravager, Infestation Pit  
  23  7:13  Roach  
  25  7:18  Drone  
  25  7:22  Queen  
  26  7:23  Drone  
  29  7:30  Drone, Roach  
  29  7:31  Drone  
  33  7:37  Drone  
  33  7:40  Hydralisk  
  33  7:43  Drone  
  37  7:48  Drone  
  37  7:51  Drone, Hydralisk  
  39  7:55  Drone  
  42  7:58  Drone  
  42  7:59  Zerg Ground Armor Level 1  
  42  8:01  Drone  
  42  8:02  Roach  
  42  8:05  Drone  
  47  8:07  Roach  
  47  8:09  Drone  
  47  8:11  Drone  
  48  8:20  Drone, Zergling x2  
  48  8:24  Drone  
  44  8:29  Drone  
  44  8:31  Roach  
  44  8:32  Drone  
  36  8:41  Hydralisk  
  36  8:42  Drone  
  36  8:46  Drone  
  32  8:51  Drone  
  32  8:53  Roach  
  32  8:56  Drone  
  32  9:00  Drone  
  32  9:03  Hydralisk  
  32  9:07  Drone  
  29  9:18  Roach  
  29  9:36  Roach  
  27  9:48  Queen  
  19  10:04  Drone  
  9  10:12  Drone x2  
Tags
 
Add a new tag
Caveats
  • Supply blocks, unpowered buildings, or Contaminate may cause inaccurate times.
  • Supply counts are checked every 10 seconds.